 Dungeon Crawl Stone Soup version 0.30-a0-715-gdb4ae3ece1 (webtiles) character file.

Game seed: 14890353134107226710

2101 voltaire321 the Gusty (level 9, 0/52 HPs)
             Began as a Tengu Air Elementalist on Jan 24, 2023.
             Was an Initiate of Vehumet.
             Slain by an orc warrior
             ... wielding a +0 battleaxe
              (17 damage)
             ... on level 8 of the Dungeon.
             The game lasted 00:31:19 (8413 turns).

voltaire321 the Gusty (Tengu Air Elementalist)      Turns: 8413, Time: 00:31:20

Health: 0/52       AC:  5    Str:  8    XL:     9   Next: 28%
Magic:  9/16       EV: 22    Int: 20    God:    Vehumet [......]
Gold:   578        SH:  0    Dex: 21    Spells: 6/17 levels left

rFire   + . .      SeeInvis .    v - +3 dagger
rCold   . . .      Faith    .    (no shield)
rNeg    . . .      Spirit   .    f - +2 leather armour {rF+}
rPois   .          Reflect  .    (helmet restricted)
rElec   .          Harm     .    (no cloak)
rCorr   .          Rampage  .    (no gloves)
Will    .....                    (boots unavailable)
Stlth   ++                       (no amulet)
HPRegen 0.28/turn                n - +6 ring of dexterity
MPRegen 0.15/turn                u - +5 ring of evasion

@: lethally poisoned (0 -> -6), flying quickly and evasively, quick
A: beak, talons 3, nimble flight
a: Renounce Religion


You were on level 8 of the Dungeon.
You worshipped Vehumet.
Vehumet was noncommittal.
You visited 2 branches of the dungeon, and saw 10 of its levels.

You collected 578 gold pieces.

Inventory:

Hand Weapons
 r - a +1 rapier
 v - a +3 dagger (weapon)
Armour
 f - a +2 leather armour of fire resistance (worn)
 p - a +0 kite shield
Jewellery
 c - the amulet of Elemental Vulnerability {rPois rF-- rC-- AC+8}
   (You found it on level 8 of the Dungeon)

   [amulet of nothing]

   AC:        It affects your AC (+8).
   rF:        It makes you very vulnerable to fire.
   rC:        It makes you very vulnerable to cold.
   rPois:     It protects you from poison.
 n - a +6 ring of dexterity (left hand)
 u - a +5 ring of evasion (right hand)
 x - a ring of protection from fire
Wands
 q - a wand of digging (4)
Scrolls
 a - 5 scrolls of teleportation
 j - 2 scrolls of fog
 y - a scroll of blinking
Potions
 e - a potion of resistance
 g - 2 potions of cancellation
 i - a potion of experience {unknown}
 k - 2 potions of heal wounds
 l - 8 potions of curing
 m - a potion of mutation {unknown}
 o - a potion of berserk rage {unknown}
 s - a potion of lignification {unknown}


   Skills:
 + Level 4.3 Fighting
 + Level 4.7 Armour
 + Level 5.4 Dodging
 - Level 2.0 Stealth
 + Level 3.9 Shields
 + Level 4.5 Spellcasting
 + Level 5.9 Conjurations
 + Level 7.2 Air Magic


You had 6 spell levels left.
You knew the following spells:

 Your Spells              Type           Power      Damage    Failure   Level
a - Shock                 Conj/Air       100%       1d9       1%          1
b - Static Discharge      Conj/Air       60%        2-5/arc   1%          2
c - Swiftness             Air            33%        N/A       2%          3
d - Magic Dart            Conj           100%       1d8       1%          1
e - Airstrike             Air            16%        2d(3-19)  9%          4

Your spell library contained the following spells:

 Spells                   Type           Power      Damage    Failure   Level
 Searing Ray              Conj           56%        2d6       2%          2
 Lesser Beckoning         Tloc           8%         N/A       26%         2
 Scorch                   Fire           8%         2d5       26%         2
 Flame Wave               Conj/Fire      16%        2d7       43%         4
 Fulminant Prism          Conj/Hex       8%         3d7       43%         4
 Frozen Ramparts          Ice            8%         1d2       45%         3
 Gell's Gravitas          Tloc           4%         N/A       45%         3
 Inner Flame              Hex/Fire       4%         N/A       45%         3
 Teleport Other           Tloc           4%         N/A       45%         3
 Cause Fear               Hex            2%         N/A       86%         4
 Ice Form                 Ice/Tmut       4%         N/A       86%         4
 Summon Ice Beast         Ice/Summ       4%         N/A       86%         4
 Summon Cactus Giant      Summ           2%         N/A       100%        6
 Discord                  Hex            2%         N/A       100%        8


Dungeon Overview and Level Annotations

Branches:
Dungeon (9/15)             Temple (1/1) D:6
   Lair: D:8-11         Orc: D:9-12

Altars:
Ashenzari
Cheibriados
Dithmenos
Elyvilon
Fedhas
Gozag
Kikubaaqudgha
Makhleb
Nemelex Xobeh
Okawaru
Ru
Sif Muna
Trog
Uskayaw
Vehumet
Wu Jian
Yredelemnul
Zin
The Shining One

Shops:
D:5 (


Innate Abilities, Weirdness & Mutations

You have a beak for a mouth.
You have claws for feet.
Your magical nature lets you fly swiftly and evasively.


Message History

The water moccasin is moderately wounded.
You are struck by an arc of lightning.
The water moccasin is struck by an arc of lightning.
The water moccasin is heavily wounded.
The orc warrior is struck by an arc of lightning!
The orc warrior is moderately wounded.
The lightning grounds out.
The water moccasin closely misses you.
Casting: Static Discharge (safe; 1% risk of failure)
Confirm with . or Enter, or press ? or * to list all spells.
The water moccasin is struck by an arc of lightning.
The water moccasin is heavily wounded.
You are struck by an arc of lightning.
The water moccasin is struck by an arc of lightning!
The water moccasin is almost dead.
The lightning grounds out.
The water moccasin closely misses you. The water moccasin bites you.
You are poisoned.
The water moccasin poisons you!
Casting: Static Discharge (safe; 1% risk of failure)
Confirm with . or Enter, or press ? or * to list all spells.
The water moccasin is struck by an arc of lightning.
You kill the water moccasin!
Vehumet accepts your kill.
The orc priest is struck by an arc of lightning.
The orc priest is lightly wounded.
Something is struck by an arc of lightning.
The orc priest is struck by an arc of lightning.
The orc priest is moderately wounded.
The lightning grounds out.
You feel very sick.
The orc priest mumbles some strange prayers to Beogh against you.
Beogh smites you!
Casting: Static Discharge (safe; 1% risk of failure)
Confirm with . or Enter, or press ? or * to list all spells.
The orc warrior is struck by an arc of lightning.
The orc warrior is heavily wounded.
You are struck by an arc of lightning.
The lightning grounds out.
You feel very sick.
The orc warrior hits you with a +0 battleaxe!
You die...

{...o...# #.##...##
#....# ##.#.....####
##o#########
##....#.#....#
#.).<.......
...o.....##.#
#............
#.###...###.#
#...###..###..##.####o##
#.# #...# ..#
#....oo..o.# ##.# #...#
.# #..##o####.# #..#
#.... .# #@# #.# #.##
#..## .............# #.#
#.. ###.$.#.###### #.#
#......[# #.# ..... ..#
#.# [..$....# #.# ###.
.#.# #.# #...#.# #.# #.#
#.#


You could see an orc warrior and 2 orc priests.

Vanquished Creatures
  Psyche (D:8)
  A steam dragon (D:7)
  2 water moccasins
  An orc warrior (D:8)
  An ice beast (D:7)
  2 black bears
  4 bullfrogs
  4 scorpions (D:6)
  2 electric eels (D:6)
  2 hounds
  3 jellies
  2 orc priests (D:7)
  3 iguanas
  2 orc wizards (D:7)
  3 gnolls (D:5)
  7 adders
  A white imp (D:5)
  2 ufetubi (D:5)
  4 worms
  16 orcs
  4 endoplasms
  3 giant cockroaches
  9 goblins
  9 hobgoblins
  6 jackals (D:1)
  2 kobolds
  6 quokkas
  11 ball pythons
  9 bats
  A frilled lizard (D:1)
  6 rats
129 creatures vanquished.

Vanquished Creatures (others)
  21 plants (D:6)
21 creatures vanquished.

Grand Total: 150 creatures vanquished

Notes
Turn   | Place    | Note
-------+----------+-------------------------------------------
     0 | D:1      | voltaire321 the Tengu Air Elementalist began the quest for
                  | the Orb.
     0 | D:1      | Reached XP level 1. HP: 10/10 MP: 4/4
   276 | D:1      | Reached XP level 2. HP: 16/16 MP: 3/6
   602 | D:1      | Reached skill level 1 in Armour
   605 | D:1      | Reached XP level 3. HP: 5/20 MP: 0/7
  1036 | D:2      | Reached skill level 1 in Fighting
  1198 | D:2      | Identified the +4 chain mail "Jexzec" {*Slow rElec rN+}
  1369 | D:2      | Reached XP level 4. HP: 25/25 MP: 1/8
  1372 | D:2      | Learned a level 2 spell: Static Discharge
  2683 | D:3      | Learned a level 3 spell: Swiftness
  3079 | D:4      | Gained mutation: Your magical nature lets you fly swiftly
                  | and evasively. [Tengu growth]
  3079 | D:4      | Reached XP level 5. HP: 29/29 MP: 2/9
  3476 | D:4      | Found a bloodstained altar of Trog.
  4055 | D:4      | Found an ornate altar of the Wu Jian Council.
  4127 | D:5      | Entered Level 5 of the Dungeon
  4156 | D:5      | Found a broken altar of Ashenzari.
  4325 | D:5      | Reached skill level 1 in Shields
  4325 | D:5      | Reached skill level 5 in Air Magic
  4325 | D:5      | Reached XP level 6. HP: 29/35 MP: 7/11
  4344 | D:5      | Found Rufir's Weapon Boutique.
  4801 | D:5      | Noticed a black bear
  4818 | D:5      | Killed a black bear
  5009 | D:6      | Reached XP level 7. HP: 37/40 MP: 6/12
  5088 | D:6      | Found a staircase to the Ecumenical Temple.
  5097 | Temple   | Entered the Ecumenical Temple
  5190 | D:6      | HP: 1/40 [electric eel/bolt of electricity (12)]
  5730 | D:6      | Learned a level 1 spell: Magic Dart
  5776 | D:6      | Found a burning altar of Makhleb.
  6261 | D:6      | Found an ancient bone altar of Kikubaaqudgha.
  6668 | D:6      | Found an opulent altar of Gozag.
  6932 | D:7      | Reached skill level 6 in Air Magic
  6932 | D:7      | Reached XP level 8. HP: 34/46 MP: 3/14
  7036 | D:7      | Found a white marble altar of Elyvilon.
  7411 | D:7      | Learned a level 4 spell: Airstrike
  7510 | D:7      | Reached skill level 5 in Conjurations
  7716 | D:7      | Identified the +7 short sword of Uguc {flame, rC+ Str+5}
  7731 | D:7      | Reached skill level 5 in Dodging
  8241 | D:8      | Reached XP level 9. HP: 44/52 MP: 3/16
  8258 | D:8      | Found a radiant altar of Vehumet.
  8264 | D:8      | Became a worshipper of Vehumet
  8309 | D:8      | You are sucked into a shaft and drop 1 floor!
  8335 | D:8      | Noticed Psyche
  8341 | D:8      | Killed Psyche
  8342 | D:8      | Reached skill level 7 in Air Magic
  8384 | D:8      | Found the amulet of Elemental Vulnerability {rPois rF--
                  | rC-- AC+8}
  8413 | D:8      | Slain by an orc warrior

Illustrated notes

Levels and vault maps discovered:
D:1:      onia_arrival_mini_maze_b, layout_basic, hangedman_decor_growths
D:2:      layout_loops_ring
D:3:      layout_loops_corners
D:4:      layout_basic, bloody_trog, nzn_wu_jian_council_hall,
          grunt_ministairs_14, grunt_decor_resistance, minmay_stone_trees_small,
          kennysheep_generic_room_14
D:5:      layout_loops_cross, mainiacjoe_overflow_catwalk, serial_shops,
          nicolae_shop_crystal, dk_vineyard_3, st_stairs_14
D:6:      layout_basic, lemuel_doored_altar, bloody_makhleb,
          nicolae_gozag_seed_capital, minmay_temple_entry_antechambers,
          serial_bayou, serial_bayou_lagoon_a, serial_bayou_ford_a,
          serial_bayou_pond_c, serial_bayou_crossing
D:7:      layout_gridville, mainiacjoe_overflow_boulevard
D:8:      layout_loops_ring, vehumet_crystals, enter_bailey_5, uniq_psyche
D:9:      lemuel_ogre_cave, layout_rooms, hiddenorc2_lemuel,
          small_statue_intersection
Temple:   nicolae_temple_ecumenical_triangle

Skill      XL: |  1  2  3  4  5  6  7  8  9 |
---------------+----------------------------+-----
Armour         | 1 2 3 4 |  4.7
Conjurations   | 2 3 4 5 |  5.9
Fighting       | 1 2 3 4 |  4.3
Dodging        | 3 4 5 |  5.4
Shields        | 1 2 3 |  3.9
Air Magic      | 5 6 7 |  7.2
Spellcasting   | 3 4 |  4.5
Stealth        | |  2.0

Action                     |  1- 3 |  4- 6 |  7- 9 || total
---------------------------+-------+-------+-------++-------
  Melee: Mace              |    28 |    31 |       ||    59
         Kick              |     6 |    16 |    10 ||    32
         Peck              |     3 |    15 |    12 ||    30
         Rapier            |       |    21 |    34 ||    55
         Dagger            |       |       |     2 ||     2
   Cast: Shock             |    50 |   105 |    77 ||   232
         Static Discharge  |       |     6 |    37 ||    43
         Magic Dart        |       |       |     1 ||     1
    Use: Scroll            |       |     9 |     6 ||    15
         Potion            |       |       |     2 ||     2
   Stab: Sleeping          |       |     1 |       ||     1
 Armour: Leather armour    |    19 |    16 |     6 ||    41
         Robe              |     1 |       |       ||     1
  Dodge: Dodged            |    39 |    48 |    72 ||   159

Table legend: (Time is in decaauts)
 A = Elapsed time spent in this place.
 B = Non-inter-level travel time spent in this place.
 C = Inter-level travel time spent in this place.
 D = Time resting spent in this place.
 E = Time spent auto-exploring this place.
 F = Levels seen in this place.
 G = Mean time per level.
                   A        B        C        D        E       F      G
               +--------+--------+--------+--------+--------+-----+--------+
         Total |   8167 |   7850 |    317 |   1602 |   4556 |  10 |  816.7 |
       Dungeon |   8113 |   7811 |    302 |   1602 |   4541 |   9 |  901.4 |
        Temple |     54 |     39 |     15 |      0 |     14 |   1 |   54.0 |
               +--------+--------+--------+--------+--------+-----+--------+

Top non-repeatable levels by time:
     D:6: 1800 daAuts
     D:7: 1219 daAuts
     D:4: 1102 daAuts
     D:1: 1041 daAuts
     D:3: 995 daAuts
     D:2: 938 daAuts
     D:5: 818 daAuts
     D:8: 172 daAuts
  Temple: 54 daAuts
     D:9: 23 daAuts
